 Dungeon Crawl Stone Soup version 0.29.1-1-gd02db6906a (webtiles) character file.

Game seed: 3487979167577324726

133 corgi the Shooter (level 4, -1/35 (38) HPs)
             Began as a Minotaur Hunter on Oct 14, 2022.
             Slain by a wight
             ... wielding a +3 long sword
              (6 damage)
             ... in a sewer.
             The game lasted 00:04:51 (2169 turns).

corgi the Shooter (Minotaur Hunter)                 Turns: 2169, Time: 00:04:52

HP:   -1/35 (38)    AC:  3    Str: 16    XL:     4   Next: 93%
MP:   3/3           EV: 12    Int:  6    God:
Gold: 205           SH:  0    Dex: 15    Spells: 3/3 levels left

rFire   . . .      SeeInvis .   a - +0 shortbow
rCold   . . .      Faith    .   (shield currently unavailable)
rNeg    . . .      Spirit   .   c - +0 leather armour
rPois   .          Reflect  .   (helmet restricted)
rElec   .          Harm     .   (no cloak)
rCorr   .          Rampage  .   (no gloves)
Will    .....                   (no boots)
Stlth   +.........              (no amulet)
HPRegen 0.11/turn               (no ring)
MPRegen 0.08/turn               (no ring)

@: drained
A: horns 2, retaliatory headbutt
a: no special abilities


You were in a sewer.
You visited 1 branch of the dungeon, and saw 3 of its levels.
You also visited: Sewer.

You collected 205 gold pieces.

Inventory:

Hand Weapons
 a - a +0 shortbow (weapon)
Armour
 c - a +0 leather armour (worn)
Scrolls
 b - a scroll of immolation
 d - a scroll of amnesia {unknown}
 e - 4 scrolls of teleportation
 i - 4 scrolls of identify
Potions
 g - a potion of lignification
 h - a potion of curing
 j - 3 potions of attraction


   Skills:
 + Level 3.5 Fighting
 * Level 5.5 Ranged Weapons
 + Level 2.2 Armour
 + Level 3.1 Dodging
 - Level 0.7 Stealth


You had 3 spell levels left.
You didn't know any spells.
Your spell library was empty.

Dungeon Overview and Level Annotations

Branches:
Dungeon (3/15)              Sewer (1/1)

Altars:


Innate Abilities, Weirdness & Mutations

You have a pair of horns on your head.
You reflexively headbutt those who attack you in melee.


Message History

The wight hits you with a +3 long sword.
You feel drained.
The wight hits you with a +3 long sword.
You feel drained.
You are too injured to fight recklessly!
You are too injured to fight recklessly!
You are too injured to fight recklessly!
Unknown command.
The wight attacks as you move away! The wight closely misses you.
You furiously retaliate!
You headbutt the wight.
The shadow imp attacks as you move away!
The shadow imp hits you but does no damage.
There is an open door here.
Things that are here:
a +0 dagger; a stone The shadow imp attacks as you move away!
The shadow imp hits you.
Fire: a) +0 shortbow
Press: ? - help, Q - select action Shift-Dir - straight line, f/p - wight
Aim: a wight, wielding a +3 long sword and wearing a +0 robe (severely damaged, 62% to hit)
You shoot an arrow. The arrow completely misses the wight.
Unknown command.
Fire: a) +0 shortbow
Press: ? - help, Q - select action Shift-Dir - straight line, f/p - wight
Aim: a wight, wielding a +3 long sword and wearing a +0 robe (severely damaged, 62% to hit)
You shoot an arrow.
The arrow hits the wight but does no damage.
The wight is severely damaged.
The wight hits you with a +3 long sword!
* * * LOW HITPOINT WARNING * * *
The wight hits you with a +3 long sword.
* * * LOW HITPOINT WARNING * * *
Fire: a) +0 shortbow
Press: ? - help, Q - select action Shift-Dir - straight line, f/p - wight
Aim: a wight, wielding a +3 long sword and wearing a +0 robe (severely damaged, 62% to hit)
You shoot an arrow.
The arrow hits the wight but does no damage.
The wight is severely damaged.
The wight hits you with a +3 long sword.
You die...

#≈≈≈≈≈~#...~≈≈≈≈≈≈#≈
#≈≈≈≈≈≈#...#≈≈≈≈≈≈#
#≈≈≈≈≈~≈...#≈≈≈≈≈≈#
#≈≈≈≈≈≈#...#≈≈≈≈≈≈#
#≈≈≈≈~≈#...≈≈≈≈≈≈≈#
#≈≈≈≈≈~#)..#≈≈≈≈≈≈#
#~≈≈≈≈...≈....≈≈≈≈#
#~K~~..#≈≈≈#...~..#
#.z@...#≈≈≈#......#
#5#######≈#######+#
#..K..)#...
#5.z~~≈.....~~
#~~~≈≈≈#)..#≈~
#########'#### .5#
... ..K


You could see a wight, a shadow imp and a kobold.

Vanquished Creatures
  An orc wizard (D:3)
  3 ufetubi (Sewer)
  2 adder zombies (Sewer)
  3 orcs (D:3)
  5 bats
  7 endoplasms
  4 giant cockroaches (D:3)
  7 goblins
  4 hobgoblins
  12 jackals
  6 quokkas
  2 ball pythons
  3 frilled lizards
  A giant cockroach zombie (Sewer)
  12 kobolds
  2 rats (D:2)
74 creatures vanquished.

Notes
Turn   | Place    | Note
-------+----------+-------------------------------------------
     0 | D:1      | corgi the Minotaur Hunter began the quest for the Orb.
     0 | D:1      | Reached XP level 1. HP: 18/18 MP: 0/0
   237 | D:1      | Reached XP level 2. HP: 22/25 MP: 1/1
   351 | D:1      | Reached skill level 1 in Armour
   840 | D:2      | Reached XP level 3. HP: 30/30 MP: 2/2
  1204 | D:2      | Reached skill level 5 in Ranged Weapons
  1486 | D:3      | Reached XP level 4. HP: 22/38 MP: 3/3
  1760 | D:3      | Found a glowing drain.
  1794 | Sewer    | Entered a sewer
  2169 | Sewer    | Slain by a wight

Illustrated notes

Levels and vault maps discovered:
D:1:      heliophobic_arrival_battle_scene, layout_basic
D:2:      layout_loops_cross
D:3:      layout_loops_cross, lemuel_crystal_altar,
          mainiacjoe_overflow_alcove_2, gup_sewer_entry_pipe,
          minmay_misc_feat_doors, minivault_5
Sewer:    kennysheep_sewer_church

Skill      XL: |  1  2  3  4 |
---------------+-------------+-----
Armour         | 1 2 |  2.2
Fighting       | 3 |  3.5
Ranged Weapons | 5 |  5.5
Dodging        | 3 |  3.1
Stealth        | |  0.7

Action                   |  1- 3 |  4- 6 || total
-------------------------+-------+-------++-------
 Fire: Shortbow          |    98 |    94 ||   192
  Use: Scroll            |     4 |       ||     4
       Potion            |     3 |       ||     3
Armor: Leather armour    |     8 |    16 ||    24
Dodge: Dodged            |    36 |    43 ||    79
